 Dungeon Crawl Stone Soup version 0.28.0-43-g3370ac3207 (webtiles) character file.

Game seed: 1080081785745682773

151 croobank the Firebug (level 5, -1/38 HPs)
             Began as a Draconian Fire Elementalist on Mar 29, 2022.
             Killed by divine providence
             ... invoked by an orc priest
              (12 damage)
             ... on level 3 of the Dungeon.
             The game lasted 00:09:46 (3307 turns).

croobank the Firebug (Draconian Fire Elementalist)  Turns: 3307, Time: 00:09:50

Health: -1/38      AC:  5    Str: 11    XL:     5   Next: 11%
Magic:  4/10       EV: 12    Int: 17    God:
Gold:   165        SH:  0    Dex: 11    Spells: 3/10 levels left

rFire   . . .      SeeInvis .   a - +1 short sword (protect)
rCold   . . .      Faith    .   (no shield)
rNeg    . . .      Spirit   .   (armour unavailable)
rPois   .          Reflect  .   (helmet restricted)
rElec   .          Harm     .   (no cloak)
rCorr   .          Rampage  .   (no gloves)
Will    .....                   (no boots)
Stlth   ++........              (no amulet)
HPRegen 0.12/turn               (no ring)
MPRegen 0.12/turn               (no ring)

@: no status effects
A: AC +5, unfitting armour, cold-blooded
a: no special abilities


You were on level 3 of the Dungeon.
You visited 1 branch of the dungeon, and saw 3 of its levels.

You collected 165 gold pieces.

Inventory:

Hand Weapons
 a - a +1 short sword of protection (weapon)
 h - a +0 war axe
Missiles
 d - 18 bolts
 g - 5 poisoned darts
 j - 49 arrows
 o - 21 stones
Scrolls
 b - a scroll of enchant weapon {unknown}
 c - a scroll of identify
 e - a scroll of noise {unknown}
 f - a scroll of magic mapping
 m - a scroll of teleportation {unknown}
Potions
 i - 2 potions of curing {unknown}
 k - a potion of brilliance {unknown}
 l - a potion of degeneration {unknown}
 n - a potion of attraction {unknown}
 p - a potion of might {unknown}


   Skills:
 - Level 1.7 Dodging
 - Level 1.7 Stealth
 - Level 3.3 Spellcasting
 + Level 2.6 Conjurations
 - Level 4.2 Fire Magic


You had 3 spell levels left.
You knew the following spells:

 Your Spells              Type           Power      Damage    Failure   Level
a - Foxfire               Conj/Fire      56%        2x1d6     4%          1
b - Scorch                Fire           34%        2d6       4%          2
c - Flame Wave            Conj/Fire      14%        2d6       38%         4

Your spell library contained the following spells:

 Spells                   Type           Power      Damage    Failure   Level
 Conjure Flame            Conj/Fire      14%        6-21      12%         3
 Inner Flame              Hex/Fire       10%        N/A       22%         3
 Ensorcelled Hibernation  Hex/Ice        4%         N/A       26%         2
 Spider Form              Tmut/Pois      2%         N/A       45%         3
 Anguish                  Hex/Necr       1%         N/A       86%         4


Dungeon Overview and Level Annotations

Branches:
Dungeon (3/15)

Altars:

Annotations:
D:2 Sigmund


Innate Abilities, Weirdness & Mutations

Your plain brown scales are hard. (AC +5)
You cannot fit into any form of body armour.
You are cold-blooded and may be slowed by cold attacks.


Message History

The magic dart hits you.
* * * LOW HITPOINT WARNING * * *
Found 13 gold pieces.
An adder comes into view.
You see here 13 gold pieces.
You now have 165 gold pieces (gained 13).
A centaur zombie comes into view.
A rat comes into view.
Found 24 stones.
A dart slug comes into view.
Unknown command.
Found a scroll labelled SEKHLA IZXAIMI.
It was a potion of heal wounds.
You feel much better.
You see here a scroll labelled SEKHLA IZXAIMI.
e - a scroll labelled SEKHLA IZXAIMI
Casting: Scorch (safe; 4% risk of failure)
Confirm with . or Enter, or press ? or * to list all spells.
You don't know that spell.
Sorry, you're not good enough to have a special ability.
Casting: Scorch (safe; 4% risk of failure)
Confirm with . or Enter, or press ? or * to list all spells.
You conjure some foxfire!
The foxfire hits the orc.
The orc is moderately wounded.
The foxfire hits the orc.
The orc is almost dead.
Casting: Foxfire (safe; 4% risk of failure)
Confirm with . or Enter, or press ? or * to list all spells.
You conjure some foxfire!
The foxfire hits the orc.
You kill the orc!
The orc priest calls down the wrath of Beogh upon you.
Beogh smites you!
* * * LOW HITPOINT WARNING * * *
Casting: Foxfire (safe; 4% risk of failure)
Confirm with . or Enter, or press ? or * to list all spells.
You conjure some foxfire!
The foxfire hits the orc priest.
The orc priest is lightly wounded.
The orc priest calls down the wrath of Beogh upon you.
Beogh smites you!
You die...

## ### . ..
########. #.#####
#........ #.#....
#v##########......
#@v§§§.o..(###.###
##########.#......
..........#.###
..........#.#
..........#.#
..........#.#
..Z.......#..
wr........###
...........


You could see an orc priest (ally target).

Vanquished Creatures
  Terence (D:2)
  4 gnolls (D:3)
  3 adders
  2 dart slugs
  3 orcs (D:3)
  5 endoplasms
  2 giant cockroaches
  4 goblins
  4 hobgoblins
  3 jackals (D:1)
  6 kobolds
  A quokka (D:1)
  3 ball pythons
  8 bats
  A frilled lizard (D:2)
  6 rats
  2 bushes (D:2)
58 creatures vanquished.

Vanquished Creatures (others)
  66 foxfires
  2 plants (D:2)
68 creatures vanquished.

Grand Total: 126 creatures vanquished

Notes
Turn   | Place    | Note
-------+----------+-------------------------------------------
     0 | D:1      | croobank the Draconian Fire Elementalist began the quest
                  | for the Orb.
     0 | D:1      | Reached XP level 1. HP: 14/14 MP: 3/3
   402 | D:1      | Reached XP level 2. HP: 20/20 MP: 1/5
   420 | D:1      | Learned a level 2 spell: Scorch
   987 | D:1      | Found a faded altar of an unknown god.
   987 | D:1      | You fall into a shaft and drop 1 floor!
  1087 | D:2      | Noticed Sigmund
  1163 | D:2      | Noticed Terence
  1171 | D:2      | Killed Terence
  1172 | D:2      | Reached XP level 3. HP: 22/26 MP: 0/7
  1821 | D:2      | Reached skill level 4 in Fire Magic
  1847 | D:2      | Reached XP level 4. HP: 15/33 MP: 3/8
  2505 | D:3      | Learned a level 4 spell: Flame Wave
  2859 | D:3      | Reached XP level 5. HP: 10/38 MP: 1/10
  3307 | D:3      | Killed from afar by an orc priest

Illustrated notes

Levels and vault maps discovered:
D:1:      minmay_arrival_solitary_statue, layout_loops_corners,
          dilly_ecumenical_altar_fadedgnrine
D:2:      minmay_inner_zag, layout_basic, serial_forest,
          infiniplex_forest_lined_2, infiniplex_forest_straight_3,
          infiniplex_forest_lined_1, infiniplex_forest_lined_4_way,
          infiniplex_forest_end_2, infiniplex_forest_clump_double,
          infiniplex_forest_end_3, infiniplex_forest_end_double,
          infiniplex_forest_clump_long, infiniplex_forest_clump_medium,
          uniq_sigmund, uniq_terence
D:3:      layout_basic

Skill      XL: |  1  2  3  4 |
---------------+-------------+-----
Spellcasting   | 3 |  3.3
Fire Magic     | 4 |  4.2
Conjurations   | 2 |  2.6
Dodging        | |  1.7
Stealth        | |  1.7

Action                   |  1- 3 |  4- 6 || total
-------------------------+-------+-------++-------
Melee: Unarmed           |    10 |       ||    10
       Tailslap          |   127 |     7 ||   134
       Short sword       |   488 |    27 ||   515
       Punch             |    10 |       ||    10
 Cast: Foxfire           |    27 |    12 ||    39
       Scorch            |     6 |    27 ||    33
  Use: Scroll            |       |     1 ||     1
       Potion            |       |     1 ||     1
Armor: Skin              |     5 |    20 ||    25
Dodge: Dodged            |    19 |    25 ||    44
